 Dungeon Crawl Stone Soup version 0.30-a0-341-g682706514a (webtiles) character file.

Game seed: 4618447318836981460

175 JOEMAMA2 the Slasher (level 5, -5/72 HPs)
             Began as a Minotaur Berserker on Nov 1, 2022.
             Was a Believer of Trog.
             Slain by a wyvern zombie (8 damage)
             ... on level 3 of the Dungeon.
             The game lasted 00:07:50 (3439 turns).

JOEMAMA2 the Slasher (Minotaur Berserker)           Turns: 3439, Time: 00:07:51

Health: -5/72      AC:  7    Str: 23    XL:     5   Next: 29%
Magic:  0/4        EV: 11    Int:  4    God:    Trog [**....]
Gold:   69         SH:  0    Dex: 10    Spells: 4/4 levels left

rFire   . . .      SeeInvis .    a - +0 falchion
rCold   . . .      Faith    .    (no shield)
rNeg    . . .      Spirit   +    e - +0 ring mail
rPois   .          Reflect  .    (helmet restricted)
rElec   .          Harm     .    n - scarf {repulsion}
rCorr   .          Rampage  .    k - +0 pair of gloves
Will    .....                    (no boots)
Stlth   ..........               o - amulet of guardian spirit
HPRegen 0.32/turn                (no ring)
MPRegen 0.09/turn                (no ring)

@: berserking, repel missiles, very quick
A: horns 2, retaliatory headbutt
a: Renounce Religion, Berserk, Trog's Hand


You were on level 3 of the Dungeon.
You worshipped Trog.
Trog was pleased with you.
You visited 1 branch of the dungeon, and saw 3 of its levels.

You collected 69 gold pieces.

Inventory:

Hand Weapons
 a - a +0 falchion (weapon)
Armour
 b - a +0 animal skin
 e - a +0 ring mail (worn)
 k - a +0 pair of gloves (worn)
 m - a +0 helmet
 n - a scarf of repulsion (worn)
Jewellery
 o - an amulet of guardian spirit (around neck)
Wands
 s - a wand of polymorph (4)
Scrolls
 c - 8 scrolls of identify {unknown}
 d - a scroll of enchant weapon {unknown}
 g - a scroll of enchant armour {unknown}
 h - a scroll of fear {unknown}
 i - a scroll of silence {unknown}
 j - a scroll of teleportation {unknown}
 l - a scroll of immolation {unknown}
Potions
 f - a potion of might {unknown}
 p - a potion of degeneration {unknown}
 q - 3 potions of curing {unknown}
 r - a potion of attraction {unknown}
 t - a potion of flight {unknown}


   Skills:
 + Level 5.0 Fighting
 + Level 5.4 Long Blades
 + Level 3.7 Armour
 + Level 2.6 Dodging


You had 4 spell levels left.
You didn't know any spells.
Your spell library contained the following spells:

 Spells                   Type           Power      Damage    Failure   Level
 Leda's Liquefaction      Hex/Erth       0%         N/A       100%        4
 Summon Lightning Spire   Summ/Air       0%         N/A       100%        4


Dungeon Overview and Level Annotations

Branches:
Dungeon (3/15)

Altars:
Makhleb

Shops:
D:2 *


Innate Abilities, Weirdness & Mutations

You have a pair of horns on your head.
You reflexively headbutt those who attack you in melee.


Message History

The wyvern zombie barely misses you. The bullfrog zombie hits you.
The wyvern zombie bites you but does no damage.
You hit the wyvern zombie.
The wyvern zombie is severely damaged.
The bullfrog zombie hits you. The wyvern zombie barely misses you.
You furiously retaliate!
You headbutt the wyvern zombie!
The bullfrog zombie hits you but does no damage.
You hit the wyvern zombie. Your headbutt misses the wyvern zombie.
The wyvern zombie is almost destroyed.
The wyvern zombie barely misses you. The bullfrog zombie closely misses you.
The wyvern zombie bites you!
* * * LOW HITPOINT WARNING * * *
You hit the wyvern zombie.
The wyvern zombie is almost destroyed.
The bullfrog zombie hits you but does no damage.
The wyvern zombie misses you.
A red film seems to cover your vision as you go berserk!
You feel yourself moving faster!
You feel mighty! The bullfrog zombie closely misses you.
You furiously retaliate!
You headbutt the bullfrog zombie!!
You destroy the bullfrog zombie!
Trog accepts your kill. The wyvern zombie bites you.
* * * LOW HITPOINT WARNING * * *
Your Fighting skill increases to level 5!
You barely miss the wyvern zombie.
The wyvern zombie is almost destroyed.
The bullfrog skeleton hits you but does no damage.
The wyvern zombie bites you but does no damage.
You barely miss the wyvern zombie.
The wyvern zombie is almost destroyed.
The bullfrog skeleton barely misses you.
The wyvern zombie bites you!
* * * LOW HITPOINT WARNING * * *
You barely miss the wyvern zombie.
The wyvern zombie is almost destroyed.
The bullfrog skeleton barely misses you.
You furiously retaliate!
You headbutt the bullfrog skeleton! The wyvern zombie bites you!
You die...

# ### ..## #....#
...## #....#
#...##
#+#####....#
..#..# #
###....##....#
.##..#
#.#.#.#....##....#
## .....#
#.....#....##....#
#. .##..#
##....Z@...##....#
#. ..#..#
#.$...Z..........#
###' #...##
##)...'..####.####
#... ...##
#.....#..# #.#
#... ..##
#.#.#.#### #.#
#... ### # #####
#.# #... #.# #...
#.# #... #.# #...


You could see a wyvern zombie and a bullfrog skeleton.

Vanquished Creatures
  A bullfrog zombie (D:3)
  The ghost of FizzleBangTC the Digger, a weakling MeEE (D:3)
  Robin (D:3)
  5 adders
  A dart slug (D:2)
  An orc (D:3)
  7 ball pythons
  5 endoplasms
  2 giant cockroaches
  13 hobgoblins
  3 kobolds
  2 quokkas (D:1)
  3 bats (D:2)
  4 frilled lizards
  12 goblins
  7 rats
68 creatures vanquished.

Notes
Turn   | Place    | Note
-------+----------+-------------------------------------------
     0 | D:1      | JOEMAMA2 the Minotaur Berserker began the quest for the
                  | Orb.
     0 | D:1      | Reached XP level 1. HP: 19/19 MP: 0/0
    34 | D:1      | Got the Atlas of Meteoric Beguiling
  1053 | D:1      | Reached XP level 2. HP: 26/27 MP: 1/1
  1869 | D:2      | Reached ** piety under Trog
  1900 | D:2      | Reached XP level 3. HP: 33/33 MP: 2/2
  2078 | D:2      | Found Jateucs's Assorted Antiques.
  2602 | D:3      | Found a burning altar of Makhleb.
  2684 | D:3      | Noticed Robin
  2690 | D:3      | Reached XP level 4. HP: 40/41 MP: 3/3
  2715 | D:3      | Killed Robin
  3246 | D:3      | Reached skill level 5 in Long Blades
  3406 | D:3      | Found a runed translucent gate.
  3406 | D:3      | Found a runed translucent gate.
  3407 | D:3      | Found a runed translucent gate.
  3416 | D:3      | Noticed FizzleBangTC's ghost (weakling MeEE)
  3427 | D:3      | Killed FizzleBangTC's ghost
  3428 | D:3      | Reached XP level 5. HP: 25/47 MP: 1/4
  3437 | D:3      | Reached skill level 5 in Fighting
  3438 | D:3      | HP: 3/72 [wyvern zombie (8)]
  3439 | D:3      | Slain by a wyvern zombie

Illustrated notes

Levels and vault maps discovered:
D:1:      nicolae_arrival_memento_mori, layout_loops_ring
D:2:      layout_basic, serial_shops, nicolae_shop_overgrown_old_shop,
          interstate_on_off
D:3:      layout_basic, mainiacjoe_overflow_small_starburst,
          nicolae_wu_jian_wuxing_cycle, gammafunk_temple_overflow_wave,
          gammafunk_ghost_necromancy, uniq_robin

Skill      XL: |  1  2  3  4  5 |
---------------+----------------+-----
Long Blades    | 4 5 |  5.4
Fighting       | 4 5 |  5.0
Armour         | 3 |  3.7
Dodging        | |  2.6

Action                   |  1- 3 |  4- 6 || total
-------------------------+-------+-------++-------
Melee: Falchion          |   102 |    72 ||   174
       Headbutt          |    13 |    14 ||    27
       Unarmed           |     7 |       ||     7
Invok: Berserk           |       |     1 ||     1
Armor: Ring mail         |    56 |    22 ||    78
       Animal skin       |     1 |       ||     1
       Skin              |     2 |       ||     2
Dodge: Dodged            |    68 |    52 ||   120
       Repelled          |       |     1 ||     1

Table legend: (Time is in decaauts)
 A = Elapsed time spent in this place.
 B = Non-inter-level travel time spent in this place.
 C = Inter-level travel time spent in this place.
 D = Time resting spent in this place.
 E = Time spent auto-exploring this place.
 F = Levels seen in this place.
 G = Mean time per level.
                   A        B        C        D        E       F      G
               +--------+--------+--------+--------+--------+-----+--------+
         Total |   3451 |   3445 |      6 |   1278 |   1355 |   3 | 1150.3 |
       Dungeon |   3451 |   3445 |      6 |   1278 |   1355 |   3 | 1150.3 |
               +--------+--------+--------+--------+--------+-----+--------+

Top non-repeatable levels by time:
     D:1: 1713 daAuts
     D:2: 896 daAuts
     D:3: 841 daAuts
